 Dungeon Crawl Stone Soup version 0.28.0-45-g0d030f2227 (webtiles) character file.

Game seed: 8943675815610290855

279 Descartes the Grasshopper (level 6, 0/28 HPs)
             Began as a Felid Warper on Apr 7, 2022.
             Slain by a phantom (5 damage)
             ... on level 4 of the Dungeon.
             The game lasted 00:09:39 (7793 turns).

Descartes the Grasshopper (Felid Warper)            Turns: 7793, Time: 00:09:40

Health: 0/28       AC:  2    Str:  9    XL:     6   Next: 5%
Magic:  8/10       EV: 19    Int: 18    God:
Gold:   178        SH:  0    Dex: 15    Spells: 2/9 levels left
                                        Lives:  0   Deaths: 1

rFire   + . .      SeeInvis +     - Unarmed
rCold   . . .      Faith    .   (shield unavailable)
rNeg    . . .      Spirit   .   (armour unavailable)
rPois   +          Reflect  .   (helmet unavailable)
rElec   .          Harm     .   (cloak unavailable)
rCorr   .          Rampage  .   (gloves unavailable)
Will    ++...                   (boots unavailable)
Stlth   +++.......              (no amulet)
HPRegen 0.09/turn               o - +6 ring of intelligence
MPRegen 0.12/turn               p - ring "Nesode" {Drain rPois rF+ Will++ Int-3}

@: quick
A: very small, claws 1, fangs 3, see invisible, speed 1, shaggy fur 2, stealthy
paws, no weapons or thrown items, no armour, multi-lived
a: no special abilities


You were on level 4 of the Dungeon.
You visited 2 branches of the dungeon, and saw 6 of its levels.

You collected 178 gold pieces.

Inventory:

Jewellery
 o - a +6 ring of intelligence (left paw)
 p - the ring "Nesode" (right paw) {Drain rPois rF+ Will++ Int-3}
   (You found it on level 5 of the Dungeon)

   [ring of poison resistance]

   Int:       It affects your intelligence (-3).
   rF:        It protects you from fire.
   rPois:     It protects you from poison.
   Drain:     It drains your maximum health when unequipped.
   Will:      It greatly increases your willpower.
Scrolls
 a - 2 scrolls of blinking
 c - a scroll of teleportation
 d - 2 scrolls of identify
 g - a scroll of torment
 i - a scroll of fear
 j - a scroll of noise {unknown}
 l - a scroll of amnesia {unknown}
 m - a scroll of immolation {unknown}
Potions
 b - 3 potions of heal wounds
 h - a potion of curing {unknown}
 k - a potion of brilliance {unknown}
 n - a potion of invisibility {unknown}


   Skills:
 + Level 3.5 Fighting
 + Level 5.2 Dodging
 + Level 5.2 Stealth
 + Level 4.0 Unarmed Combat
 - Level 2.0 Spellcasting
 + Level 5.2 Translocations


You had 2 spell levels left.
You knew the following spells:

 Your Spells              Type           Power      Damage    Failure   Level
a - Manifold Assault      Tloc           20%        N/A       50%         5
b - Blink                 Tloc           40%        N/A       3%          2

Your spell library contained the following spells:

 Spells                   Type           Power      Damage    Failure   Level
 Gell's Gravitas          Tloc           20%        N/A       6%          3
 Lesser Beckoning         Tloc           20%        N/A       6%          3
 Teleport Other           Tloc           20%        N/A       6%          3
 Conjure Flame            Conj/Fire      1%         6-21      47%         3
 Ignite Poison            Fire/Tmut/Pois 1%         N/A       47%         3
 Sticky Flame             Conj/Fire      1%         2d3       87%         4
 Borgnjor's Revivificati  Necr           0%         N/A       100%        8
 Necromutation            Tmut/Necr      0%         N/A       100%        8
 Death's Door             Necr           0%         N/A       100%        9


Dungeon Overview and Level Annotations

Branches:
Dungeon (5/15)             Temple (1/1) D:5

Altars:
Cheibriados
Dithmenos
Elyvilon
Fedhas
Gozag
Kikubaaqudgha
Makhleb
Qazlal
Ru
Sif Muna
Uskayaw
Vehumet
Wu Jian
Xom
Yredelemnul
Zin

Shops:
D:3 !


Innate Abilities, Weirdness & Mutations

You have sharp claws.
You have razor-sharp teeth.
You have supernaturally acute eyesight. (SInv)
You cover ground quickly. (Speed+)
You are covered in thick fur. (AC +2)
Your paws help you pounce on unaware monsters.
You are incapable of wielding weapons or throwing items.
You cannot wear armour.
You gain extra lives every three experience levels.


Message History

The phantom is lightly damaged.
The phantom barely misses you.
You barely miss the phantom.
The phantom is lightly damaged.
The phantom barely misses you.
You closely miss the phantom. Your bite misses the phantom.
The phantom is lightly damaged.
You scratch the phantom.
The phantom is moderately damaged.
The phantom hits you.
The phantom blinks!
You blink.
You barely miss the phantom.
The phantom is moderately damaged.
The phantom barely misses you.
You closely miss the phantom.
The phantom is moderately damaged.
The phantom barely misses you.
Your magical contamination has completely faded away.
You miss the phantom. You bite the phantom.
The phantom is heavily damaged.
The phantom hits you!
You closely miss the phantom. You bite the phantom.
The phantom is heavily damaged.
The phantom hits you but does no damage.
You scratch the phantom.
The phantom is severely damaged.
The phantom completely misses you.
You closely miss the phantom. You bite the phantom, but do no damage.
The phantom is severely damaged.
The phantom hits you.
* * * LOW HITPOINT WARNING * * *
You scratch the phantom but do no damage.
The phantom is severely damaged.
The phantom barely misses you.
You miss the phantom. You bite the phantom, but do no damage.
The phantom is severely damaged.
The phantom misses you.
You closely miss the phantom.
The phantom is severely damaged.
The phantom hits you.
You die...

#.# #.########
##.###.##.....###################
........................)........
.......##.###.###################
##.######.###.# ##########
#.............######........#####
#..######.#..........)...........
#..# #.#.#+######........#####
#..# #.#....W@.....###########
#..######.#>.....................
#.........+............##########
#.#######.#..).........#
#.#######.#....(.......#######
#.............##.............#
#.#######.###.########.......####
#.# #.# #.# #....<...... #.# #.#
#<# #.......####


You could see a phantom.

Vanquished Creatures
  An ogre (D:3)
  2 scorpions
  A jelly (D:4)
  A bullfrog skeleton (D:3)
  A hound (D:3)
  A hound skeleton (D:4)
  4 adders
  4 gnolls
  2 worms
  5 dart slugs
  3 orcs
  6 ball pythons
  4 bats
  6 endoplasms
  3 giant cockroaches
  4 goblins
  5 hobgoblins
  5 kobolds
  2 quokkas
  5 frilled lizards
  5 rats
70 creatures vanquished.

Notes
Turn   | Place    | Note
-------+----------+-------------------------------------------
     0 | D:1      | Descartes the Felid Warper began the quest for the Orb.
     0 | D:1      | Reached XP level 1. HP: 9/9 MP: 4/4
    68 | D:1      | Reached skill level 1 in Stealth
   887 | D:1      | Reached XP level 2. HP: 13/13 MP: 6/6
  1719 | D:2      | Reached XP level 3. HP: 10/16 MP: 7/7
  2500 | D:2      | Found a faded altar of an unknown god.
  2761 | D:2      | Learned a level 2 spell: Blink
  3063 | D:3      | Reached skill level 5 in Stealth
  3063 | D:3      | Reached XP level 4. HP: 11/19 MP: 8/8
  3345 | D:3      | Found Leysusir's Distillery.
  3354 | D:3      | Reached skill level 5 in Translocations
  3592 | D:4      | Reached XP level 5. HP: 18/22 MP: 9/9
  5154 | D:4      | Noticed an ogre
  6050 | D:3      | Reached skill level 5 in Dodging
  6063 | D:3      | Gained mutation: You are covered in thick fur. (AC +2)
                  | [Felid growth]
  6063 | D:3      | Reached XP level 6. HP: 18/27 MP: 10/10
  6069 | D:3      | Learned a level 5 spell: Manifold Assault
  6672 | D:4      | Splashed by a jelly's acid
  6673 | D:4      | Reached XP level 5. HP: -1/24 MP: 9/9
  6870 | D:5      | Entered Level 5 of the Dungeon
  6901 | D:5      | Found a staircase to the Ecumenical Temple.
  6930 | D:5      | Noticed a phantom
  6951 | Temple   | Entered the Ecumenical Temple
  7180 | D:5      | Noticed a yak
  7180 | D:5      | Noticed a yak
  7180 | D:5      | Noticed a yak
  7180 | D:5      | Noticed a yak
  7180 | D:5      | Noticed a yak
  7180 | D:5      | Noticed a yak
  7308 | D:5      | Reached XP level 6. HP: 21/28 MP: 10/10
  7432 | D:5      | Identified the ring "Nesode" {Drain rPois rF+ Will++ Int-3}
  7457 | D:5      | Identified the +2 robe "Zioryesh" {rCorr}
  7793 | D:4      | Slain by a phantom

Illustrated notes

Levels and vault maps discovered:
D:1:      mrwooster_arrival_statue, layout_rooms
D:2:      layout_basic, shapermc_ecumenical_altar_acropolis
D:3:      layout_loops_ring, serial_shops, shop
D:4:      layout_basic, lemuel_another_geyser
D:5:      layout_cave_pods, kennysheep_mini_moat, temple_doors_e
Temple:   eino_temple_rhombus

Skill      XL: |  1  2  3  4  5  6 |
---------------+-------------------+-----
Stealth        | 2 4 5 |  5.2
Dodging        | 4 5 |  5.2
Translocations | 5 |  5.2
Unarmed Combat | 4 |  4.0
Fighting       | 3 |  3.5
Spellcasting   | |  2.0

Action                   |  1- 3 |  4- 6 || total
-------------------------+-------+-------++-------
Melee: Unarmed           |   151 |   169 ||   320
       Bite              |     9 |    22 ||    31
       Punch             |     1 |     3 ||     4
  Use: Scroll            |       |     4 ||     4
       Potion            |       |     3 ||     3
 Stab: Sleeping          |     8 |     7 ||    15
Armor: Skin              |     9 |     5 ||    14
Dodge: Dodged            |   112 |   140 ||   252
